 Dungeon Crawl Stone Soup version 0.25.1-11-g244df3a29b (webtiles) character file.

Game seed: 7482017994764268686

3810 sleeves the Archer (level 9, 0/70 (72) HPs)
             Began as a Centaur Ice Elementalist on Oct 2, 2022.
             Was a Believer of Okawaru.
             Slain by a wolf (6 damage)
             ... on level 8 of the Dungeon.
             The game lasted 00:27:32 (13184 turns).

sleeves the Archer (Centaur Ice Elementalist)      Turns: 13184, Time: 00:27:33

HP:   0/70 (72)     AC: 11    Str: 17    XL:     9   Next: 96%
MP:   9/11          EV: 11    Int: 14    God:    Okawaru [**....]
Gold: 372           SH:  0    Dex: 11    Spells: 10/11 levels left

rFire    + . .     SeeInvis +   b - +6 morningstar "Tixky" {flame, rPois rF+ MR++ Str+4}
rCold    + . .     Gourm    .   (no shield)
rNeg     . . .     Faith    .   z - +2 ring mail {rC+}
rPois    +         Spirit   .   d - +0 helmet
rElec    .         Reflect  .   K - +0 cloak
rCorr    .         Harm     .   (no gloves)
MR       ++...                  (no barding)
Stlth    ++........             (no amulet)
HPRegen  0.21/turn              g - ring of see invisible
MPRegen  0.12/turn              y - ring of flight (curse)

@: heroism, very quick
A: large, hooves 3, deformed body, speed 2, tough skin 3
a: Heroism, Renounce Religion, Evoke Flight


You were on level 8 of the Dungeon.
You worshipped Okawaru.
Okawaru was pleased with you.
You were hungry.

You visited 2 branches of the dungeon, and saw 10 of its levels.

You collected 476 gold pieces.
You spent 104 gold pieces at shops.

Inventory:

Hand Weapons
 a - a +0 shortbow
 b - the +6 morningstar "Tixky" (weapon) {flame, rPois rF+ MR++ Str+4}
   (You found it on level 7 of the Dungeon)

   It has been specially enchanted to burn those struck by it, causing extra
   injury to most foes and up to half again as much damage against particularly
   susceptible opponents.
   It affects your strength (+4).
   It protects you from fire.
   It protects you from poison.
   It affects your resistance to hostile enchantments.
 F - the +8 hand axe of Ubecke {freeze, rF+ SInv}
   (You found it on level 6 of the Dungeon)

   It has been specially enchanted to freeze those struck by it, causing extra
   injury to most foes and up to half again as much damage against particularly
   susceptible opponents.
   It can also slow down cold-blooded creatures.
   It protects you from fire.
   It lets you see invisible.
Missiles
 i - 155 arrows (quivered)
Armour
 d - a +0 helmet (worn)
 z - a +2 ring mail of cold resistance (worn)
 D - +0 acid dragon scales
 K - a +0 cloak (worn)
Jewellery
 g - a ring of see invisible (left hand)
 u - an uncursed ring of protection from cold
 y - a cursed ring of flight (right hand)
 B - an uncursed ring of fire
Wands
 e - a wand of iceblast (19)
 A - a wand of enslavement (14)
 I - a wand of acid (5)
 P - a wand of flame (28)
Scrolls
 f - a scroll of fog {unknown}
 j - 7 scrolls of remove curse {unknown}
 m - 6 scrolls of teleportation {unknown}
 n - 2 scrolls of enchant armour {unknown}
 q - a scroll of amnesia {unknown}
 s - 3 scrolls of fear {unknown}
 t - 6 scrolls of identify {unknown}
 L - a scroll of random uselessness {unknown}
 M - a scroll of noise {unknown}
 O - 2 scrolls of enchant weapon {unknown}
 Q - 2 scrolls of blinking {unknown}
Potions
 h - a potion of stabbing {unknown}
 k - 2 potions of curing
 o - 2 potions of haste {unknown}
 p - 2 potions of degeneration {unknown}
 r - 2 potions of mutation {unknown}
 v - 5 potions of heal wounds
 w - 2 potions of invisibility {unknown}
 x - 2 potions of berserk rage {unknown}
 C - a potion of might {unknown}
 G - 3 potions of flight {unknown}
Comestibles
 c - 5 rations


   Skills:
 + Level 4.3(9.3) Fighting
 + Level 7.6(12.6) Maces & Flails
 + Level 12.8(17.8) Bows
 - Level 1.3(6.3) Dodging
 - Level 1.1(6.1) Stealth
 - Level 1.5 Spellcasting
 - Level 3.6 Ice Magic
 + Level 3.2 Invocations


You had 10 spell levels left.
You knew the following spells:

 Your Spells              Type           Power        Failure   Level  Hunger
a - Freeze                Ice            ##..         10%         1    ##.....

Your spell library contained the following spells:

 Spells                   Type           Power        Failure   Level  Hunger
 Frozen Ramparts          Ice            ##....       30%         3    ####...
 Ozocubu's Armour         Chrm/Ice       #.......     52%         3    ####...
 Hailstorm                Conj/Ice       #.......     90%         4    #####..
 Summon Ice Beast         Ice/Summ       #.......     90%         4    #####..


Dungeon Overview and Level Annotations

Branches:
Dungeon (9/15)             Temple (1/1) D:7
   Lair: D:8-11         Orc: D:9-12

Altars:
Ashenzari
Cheibriados
Dithmenos
Elyvilon
Fedhas
Gozag
Hepliaklqana
Kikubaaqudgha
Makhleb
Nemelex Xobeh
Okawaru
Qazlal
Ru
Sif Muna
Trog
Uskayaw
Vehumet
Wu Jian
Xom
Yredelemnul
Zin
The Shining One

Shops:
D:4 !   D:5 =

Annotations:
D:3 3 runed translucent doors, Grinder; csloce's ghost, amateur GrMo
D:4 3 runed translucent doors, AylatheWolf's ghost, amateur MiFi


Innate Abilities, Weirdness & Mutations

You have hooves in place of feet.
Armour fits poorly on your strangely shaped body.
You cover ground very quickly.
You have extremely tough skin. (AC +3)


Message History

The wolf bites you. The wolf bites you but does no damage.
The wolf bites you. x2
You gain the combat prowess of a mighty hero.
The wolf barely misses you. The wolf bites you but does no damage.
You barely miss the wolf. Your kick misses the wolf.
The wolf is almost dead.
The wolf bites you!
* * * LOW HITPOINT WARNING * * *
The wolf bites you but does no damage. The wolf barely misses you.
The wolf misses you.
You miss the wolf. Your kick misses the wolf. The wolf barely misses you.
The wolf bites you but does no damage. The wolf bites you.
* * * LOW HITPOINT WARNING * * *
You closely miss the wolf.
The wolf is almost dead.
The wolf bites you.
* * * LOW HITPOINT WARNING * * *
The wolf bites you.
* * * LOW HITPOINT WARNING * * *
The wolf bites you.
You die...

###..........#.########.#
..+..........#.# #.#
###..........#.# #.#
..........#..#.########.##
..#######.#..............#
..+........#.#........#..#
..####...................#
..##.......#.###[h.#.##)##
...............h@..#.##.#
####.#.#...#.......#.##.####
#.#.#...##......#.##)##.#
#.#.#.....#.....#.##)##.#
#.#.#...#...#..##.##.##.#
####.#.##..###.#..##.##.##.#
.......#..........<..##.##.#
.......###.#...#.######.##.#
..##'#.#.......#...........#


You could see 2 wolves.

Vanquished Creatures
  A two-headed ogre (D:8)
  Maggie (D:7)
  A wyvern (D:8)
  An orc warrior (D:8)
  2 ice beasts (D:6)
  A necrophage (D:6)
  A phantom (D:5)
  2 ogres
  6 centaurs
  A crocodile (D:8)
  A bullfrog (D:7)
  2 scorpions
  2 killer bees (D:8)
  2 howler monkeys
  2 crimson imps
  A bullfrog zombie (D:5)
  3 orc priests
  2 bullfrog skeletons
  A hound (D:6)
  4 iguanas
  A centaur skeleton (D:5)
  Jessica (D:3)
  8 orc wizards
  Ijyb (D:4)
  6 worker ants
  A hound skeleton (D:6)
  A worker ant zombie (D:5)
  4 gnolls (D:4)
  8 adders
  2 shadow imps (D:5)
  2 oozes
  3 adder skeletons
  2 worms
  A dart slug (D:1)
  6 leopard geckos
  24 orcs
  9 bats
  4 giant cockroaches
  11 goblins
  8 hobgoblins
  14 jackals
  13 kobolds
  4 quokkas
  A ball python (D:6)
  9 frilled lizards
  3 leopard gecko skeletons
  A leopard gecko zombie (D:7)
  A quokka skeleton (D:4)
  9 rats
195 creatures vanquished.

Vanquished Creatures (collateral kills)
  2 killer bees (D:8)
  A crimson imp (D:5)
  An orc priest (D:5)
  2 orcs (D:5)
6 creatures vanquished.

Vanquished Creatures (others)
  A killer bee (D:8)
  An orc wizard (D:5)
2 creatures vanquished.

Grand Total: 203 creatures vanquished

Notes
Turn   | Place    | Note
-------+----------+-------------------------------------------
     0 | D:1      | sleeves the Centaur Ice Elementalist began the quest for
                  | the Orb.
     0 | D:1      | Reached XP level 1. HP: 14/14 MP: 3/3
   143 | D:1      | Reached skill level 1 in Fighting
   265 | D:1      | Reached XP level 2. HP: 19/24 MP: 4/4
   755 | D:1      | Reached XP level 3. HP: 30/30 MP: 3/5
  1901 | D:2      | Reached skill level 1 in Maces & Flails
  2458 | D:3      | Reached XP level 4. HP: 37/38 MP: 3/6
  2642 | D:3      | Noticed Grinder
  2705 | D:3      | Found a faded altar of an unknown god.
  3531 | D:3      | Noticed Jessica
  3543 | D:3      | Killed Jessica
  3588 | D:3      | Reached XP level 5. HP: 43/45 MP: 4/7
  3687 | D:3      | Found a runed translucent gate.
  3687 | D:3      | Found a runed translucent gate.
  3687 | D:3      | Found a runed translucent gate.
  3688 | D:3      | Identified the +11 dagger of Pivapu {elec, MP+9 Str+3
                  | Stlth+}
  3688 | D:3      | Noticed csloce's ghost (amateur GrMo)
  4023 | D:4      | Noticed AylatheWolf's ghost (amateur MiFi)
  4313 | D:4      | Found a runed translucent gate.
  4313 | D:4      | Found a runed translucent gate.
  4320 | D:4      | Found Rusuyrai's Distillery.
  4358 | D:4      | Bought a potion of curing for 39 gold pieces
  4358 | D:4      | Bought a potion of heal wounds for 65 gold pieces
  4801 | D:4      | Found a runed translucent gate.
  4897 | D:4      | Noticed Ijyb
  4931 | D:4      | Killed Ijyb
  5561 | D:4      | Noticed a centaur
  5576 | D:4      | Killed a centaur
  5576 | D:4      | Reached XP level 6. HP: 49/51 MP: 8/8
  5602 | D:4      | Reached skill level 5 in Maces & Flails
  5602 | D:4      | Reached skill level 1 in Bows
  6123 | D:5      | Entered Level 5 of the Dungeon
  6224 | D:5      | Reached skill level 2 in Bows
  6817 | D:5      | Reached XP level 7. HP: 56/57 MP: 9/9
  6839 | D:5      | Reached skill level 3 in Bows
  7390 | D:5      | Reached skill level 4 in Bows
  7521 | D:5      | Found Correg's Jewellery Boutique.
  8041 | D:5      | Reached skill level 5 in Bows
  8389 | D:5      | Reached XP level 8. HP: 62/63 MP: 10/10
  8416 | D:5      | Reached skill level 6 in Bows
  9192 | D:6      | Reached skill level 7 in Bows
  9290 | D:6      | Got a slimy hand axe
  9365 | D:6      | Identified the +8 hand axe of Ubecke {freeze, rF+ SInv}
                  | (You found it on level 6 of the Dungeon)
  9369 | D:6      | Reached skill level 8 in Bows
  9584 | D:6      | Reached skill level 9 in Bows
  9859 | D:6      | Reached skill level 10 in Bows
 10338 | D:7      | Found an ornate altar of the Wu Jian Council.
 10366 | D:7      | Reached XP level 9. HP: 56/67 MP: 11/11
 10435 | D:7      | Found a staircase to the Ecumenical Temple.
 10454 | Temple   | Entered the Ecumenical Temple
 10549 | Temple   | Became a worshipper of Warmaster Okawaru
 10622 | D:7      | Noticed a cyclops
 10919 | D:7      | Reached skill level 11 in Bows
 11008 | D:7      | Noticed Maggie
 11169 | D:7      | Killed Maggie
 11374 | D:7      | Reached skill level 12 in Bows
 11384 | D:7      | Identified the cursed +0 dagger of a bazaar {antimagic,
                  | *Contam rN++}
 11388 | D:7      | Reached * piety under Okawaru
 11544 | D:7      | Noticed a gargoyle
 11564 | D:7      | Got a twisted morningstar
 11589 | D:6      | Identified the +6 morningstar "Tixky" {flame, rPois rF+
                  | MR++ Str+4} (You found it on level 7 of the Dungeon)
 11879 | D:8      | Noticed a two-headed ogre
 11954 | D:8      | Killed a two-headed ogre
 11954 | D:8      | Reached ** piety under Okawaru
 13184 | D:8      | Slain by a wolf

Illustrated notes

Levels and vault maps discovered:
D:1:      scummos_arrival_checkerplants, layout_basic
D:2:      layout_basic
D:3:      layout_loops_ring, chequers_ecumenical_altar_twisty,
          gammafunk_ghost_nasty_kobolds, uniq_grinder, uniq_jessica
D:4:      layout_loops_corners, gammafunk_ghost_split, serial_shops,
          nicolae_shop_competitors_out_of_business, uniq_ijyb
D:5:      layout_basic, serial_shops, shop, first_ration,
          kennysheep_generic_room_16
D:6:      layout_cave_pools, minmay_liquid_box
D:7:      layout_cave_pools, lemuel_crystal_altar, minmay_temple_entry_arrows,
          uniq_maggie
D:8:      layout_basic
D:9:      layout_stronghold, erik_lair_island, minmay_misc_feat_tiny, uniq_grum
Temple:   compressed_dpeg_circular_temple

Skill      XL: |  1  2  3  4  5  6  7  8  9 |
---------------+----------------------------+-----
Fighting       | 1 2 3 4 |  4.3
Maces & Flails | 1 3 4 5 6 7 |  7.6
Bows           | 2 5 10 12 | 12.8
Invocations    | 3 |  3.2
Dodging        | |  1.3
Stealth        | |  1.1
Spellcasting   | |  1.5
Ice Magic      | |  3.6

Action                   |  1- 3 |  4- 6 |  7- 9 || total
-------------------------+-------+-------+-------++-------
Melee: Unarmed           |    34 |       |       ||    34
       Kick              |    18 |    37 |    30 ||    85
       Club              |    49 |   184 |       ||   233
       Hand axe          |       |    20 |   154 ||   174
       Mace              |       |     6 |       ||     6
       Morningstar       |       |       |    41 ||    41
 Fire: Shortbow          |       |       |   243 ||   243
Throw: Dart              |     5 |    15 |     6 ||    26
 Cast: Freeze            |    52 |    45 |       ||    97
Invok: Heroism           |       |       |     1 ||     1
Evoke: Wand              |       |     2 |    14 ||    16
  Use: Potion            |       |     1 |       ||     1
  Eat: Chunk             |     5 |    11 |    15 ||    31
       Ration            |       |     1 |       ||     1
Armor: Robe              |    54 |    73 |       ||   127
       Leather armour    |       |    15 |       ||    15
       Ring mail         |       |    15 |   104 ||   119
Dodge: Dodged            |    62 |   119 |   106 ||   287
